 Dungeon Crawl Stone Soup version 0.26-a0-812-g31a745ddcd (webtiles) character file.

Game seed: 896099693307830134

1322 Dracia the Destroyer (level 8, 0/57 HPs)
             Began as a Green Draconian Conjurer on Dec 7, 2020.
             Was an Initiate of Vehumet.
             Slain by a wyvern (4 damage)
             ... on level 7 of the Dungeon.
             The game lasted 00:15:04 (7727 turns).

Dracia the Destroyer (Green Draconian Conjurer)     Turns: 7727, Time: 00:15:04

Health: 0/57       AC: 11    Str: 10    XL:     8   Next: 33%
Magic:  11/14      EV: 16    Int: 21    God:    Vehumet [......]
Gold:   306        SH:  0    Dex:  9    Spells: 6/16 levels left

rFire    . . .     SeeInvis .   o - +2 dagger (elec)
rCold    . . .     Faith    .   (no shield)
rNeg     . . .     Spirit   .   (armour unavailable)
rPois    +         Reflect  .   v - +0 hat
rElec    .         Harm     .   (no cloak)
rCorr    .         Rampage  .   (no gloves)
MR       .....                  z - +0 pair of boots
Stlth    ++........             (no amulet)
HPRegen  0.19/turn              E - +4 ring of evasion
MPRegen  0.14/turn              O - +4 ring of protection

@: no status effects
A: breathe noxious fumes, unfitting armour, poison resistance, cold-blooded, AC
+6
a: Breathe Noxious Fumes, Renounce Religion


You were on level 7 of the Dungeon.
You worshipped Vehumet.
Vehumet was noncommittal.
You visited 2 branches of the dungeon, and saw 8 of its levels.
You also visited: Sewer.

You collected 306 gold pieces.


Innate Abilities, Weirdness & Mutations

You can breathe blasts of noxious fumes.
Your lurid green scales are hard. (AC +6)
You cannot fit into any form of body armour.
Your system is resistant to poisons. (rPois)
You are cold-blooded and may be slowed by cold attacks.


   Skills:
 - Level 1.7 Dodging
 - Level 1.7 Stealth
 + Level 4.5 Spellcasting
 - Level 10.0 Conjurations


You had 6 spell levels left.
You knew the following spells:

 Your Spells              Type           Power        Failure   Level
d - Dazzling Flash        Conj/Hex       ####..       4%          3
f - Fulminant Prism       Conj/Hex       ####......   14%         4
s - Searing Ray           Conj           #####.       1%          2
z - Magic Dart            Conj           ####         1%          1

Your spell library contained the following spells:

 Spells                   Type           Power        Failure   Level
 Iskenderun's Mystic Bla  Conj/Tloc      ####....     14%         4

Inventory:

Hand Weapons
 m - a +3 short sword of draining
 o - a +2 dagger of electrocution (weapon)
 p - a +1 dagger of venom
 s - a +2 hunting sling of freezing
 C - a +0 dagger
Missiles
 d - 33 poisoned darts (quivered)
 y - 3 curare-tipped darts {=f=f}
Armour
 v - a +0 hat (worn)
 z - a +0 pair of boots (worn)
Magical Staves
 b - an uncursed staff of fire {!a!a}
Jewellery
 c - an uncursed ring of ice
 E - a +4 ring of evasion (left hand)
 L - an uncursed ring of flight
 O - a +4 ring of protection (right hand)
Wands
 t - a wand of digging (3)
Scrolls
 f - 3 scrolls of teleportation {@r4@r4}
 i - 3 scrolls of enchant weapon
 n - 2 scrolls of random uselessness {unknown}
 q - 5 scrolls of identify {@r1@r1}
 w - a scroll of vulnerability {unknown}
 x - a scroll of amnesia {unknown}
 A - a scroll of magic mapping
 B - 2 scrolls of remove curse {@r2@r2}
Potions
 a - 3 potions of flight
 e - a potion of heal wounds {@q2@q2}
 g - 3 potions of curing {@q1@q1}
 h - 2 potions of degeneration {unknown}
 j - 2 potions of berserk rage {unknown}
 k - a potion of resistance {unknown}
 l - a potion of mutation {unknown}
 r - a potion of lignification {unknown}
 u - a potion of ambrosia {unknown}
 D - a potion of invisibility {unknown}

Dungeon Overview and Level Annotations

Branches:
Dungeon (7/15)             Temple (1/1) D:6           Sewer (visited)

Altars:
Ashenzari
Cheibriados
Dithmenos
Fedhas
Hepliaklqana
Kikubaaqudgha
Makhleb
Nemelex Xobeh
Okawaru
Qazlal
Sif Muna
Uskayaw
Vehumet
Wu Jian
Xom
Zin

Shops:
D:5 ([[}}

........§............
#.......##........###
##......#.........###.
##.....o##.##.........
#......5o............#
........55..........#
.......†............#
...........5l.......'
........##.##@....##
...........##.....#
.........#.....<..#
........###.....###
.....#.....[....
##...#.#....##...
##..##...........
#....< ....## ......
.....


You could see a wyvern, 3 crimson imps, a white imp and 2 orcs.


Message History

The crimson imp blinks!
The wyvern misses you.
The orc is no longer blind.
The wyvern bites you!
* * * LOW HITPOINT WARNING * * *
The crimson imp blinks! x3
The orc barely misses you.
The crimson imp hits you but does no damage.
A crimson imp comes into view.
The wyvern misses you. The crimson imp spits at you.
The crimson imp hits you but does no damage.
The crimson imp puffs mist at you.
The crimson imp shouts!
The crimson imp grinds its teeth.
The crimson imp shouts, "Decamp, thou bawdy wibble-sucking crab-lanthorn!"
The wyvern closely misses you.
The crimson imp blinks!
The crimson imp spits at you.
The crimson imp blinks!
The wyvern closely misses you.
The crimson imp blinks!
The wyvern misses you. The wyvern barely misses you.
The ogre dissolves into shadows!
The wyvern bites you!
* * * LOW HITPOINT WARNING * * *
The crimson imp grinds its teeth.
The crimson imp blinks!
You see here a worker ant corpse.
The wyvern bites you.
You die...

Skill      XL: |  1  2  3  4  5  6  7  8 |
---------------+-------------------------+-----
Conjurations   | 5 6 7 8 10 | 10.0
Spellcasting   | 4 |  4.5
Dodging        | |  1.7
Stealth        | |  1.7

Action                   |  1- 3 |  4- 6 |  7- 9 || total
-------------------------+-------+-------+-------++-------
Melee: Dagger            |    53 |    53 |   209 ||   315
       Tailslap          |     5 |    11 |    17 ||    33
       Short sword       |       |   106 |       ||   106
Throw: Dart              |     5 |       |       ||     5
 Cast: Magic Dart        |    26 |    53 |    17 ||    96
       Searing Ray       |     4 |    12 |     3 ||    19
       Dazzling Flash    |       |       |     2 ||     2
  Use: Scroll            |       |    10 |       ||    10
       Potion            |       |     5 |     1 ||     6
 Stab: Sleeping          |       |     5 |     2 ||     7
Armor: Skin              |    13 |    62 |    61 ||   136
Dodge: Dodged            |    62 |   193 |   166 ||   421

Levels and vault maps discovered:
D:1:      dpeg_arrival_pond, layout_rooms, minmay_misc_feat_rugged
D:2:      cheibrodos_fertilizer, layout_basic, chequers_ecumenical_altar_grove,
          makhleb_altar_promises_db
D:3:      layout_loops_ring, gup_sewer_entry_glass
D:4:      layout_layer_cave, grunt_qazlal_clouds, grunt_ministairs_9, uniq_robin
D:5:      layout_rooms, serial_shops, nicolae_shop_overgrown_old_shop,
          kennysheep_mini_moat, shop, nicolae_shop_behind_doors, shop
D:6:      layout_rooms, minmay_temple_entry_grid
D:7:      layout_cave_pools, minmay_nine_imps
Temple:   kilobyte_greek_temple

Notes
Turn   | Place    | Note
-------+----------+-------------------------------------------
     0 | D:1      | Dracia the Draconian Conjurer began the quest for the Orb.
     0 | D:1      | Reached XP level 1. HP: 14/14 MP: 3/3
   246 | D:1      | Reached XP level 2. HP: 20/20 MP: 0/5
   788 | D:2      | Found a burning altar of Makhleb.
   788 | D:2      | Noticed a cacodemon
   794 | D:1      | Learned a level 2 spell: Searing Ray
   809 | D:2      | Noticed a ynoxinul
   809 | D:2      | Noticed a neqoxec
   811 | D:2      | Reached skill level 5 in Conjurations
   813 | D:2      | Reached XP level 3. HP: 15/26 MP: 1/6
   827 | D:2      | HP: 2/26 [gnoll (5)]
  1296 | D:2      | Found a faded altar of an unknown god.
  1416 | D:2      | Learned a level 3 spell: Dazzling Flash
  1585 | D:2      | Reached XP level 4. HP: 33/33 MP: 1/7
  1875 | D:2      | Reached skill level 6 in Conjurations
  1979 | D:2      | Reached XP level 5. HP: 38/38 MP: 8/8
  2347 | D:3      | Reached skill level 7 in Conjurations
  2635 | D:3      | Found a glowing drain.
  2657 | Sewer    | Entered a sewer
  2663 | Sewer    | Reached XP level 6. HP: 43/45 MP: 6/9
  4016 | D:3      | Reached skill level 8 in Conjurations
  4531 | D:4      | Noticed Robin
  4567 | D:4      | Killed Robin
  4820 | D:4      | Your scales start taking on a lurid green colour.
  4820 | D:4      | Reached XP level 7. HP: 40/50 MP: 10/10
  4820 | D:4      | Gained mutation: Your system is resistant to poisons.
                  | (rPois) [Green Draconian growth]
  5516 | D:4      | Found a stormy altar of Qazlal.
  5617 | D:5      | Entered Level 5 of the Dungeon
  5617 | D:5      | Found Ikhuh's Gadget Shop.
  5632 | D:5      | Reached skill level 9 in Conjurations
  5969 | D:5      | Found Fiwn's Antique Armour Shoppe.
  6151 | D:5      | Found Mezuimpest's Antique Weapon Shop.
  6251 | D:5      | Found Weiwitz's Armour Emporium.
  6578 | D:5      | Reached skill level 10 in Conjurations
  6649 | D:5      | Found Ekhowk's Gadget Boutique.
  6766 | D:6      | Found a staircase to the Ecumenical Temple.
  6816 | Temple   | Entered the Ecumenical Temple
  6920 | Temple   | Became a worshipper of Vehumet
  7004 | D:6      | Reached XP level 8. HP: 51/57 MP: 11/11
  7248 | D:6      | Reached skill level 3 in Spellcasting
  7419 | D:6      | Learned a level 4 spell: Fulminant Prism
  7479 | D:6      | Reached skill level 4 in Spellcasting
  7725 | D:7      | HP: 3/57 [wyvern (16)]
  7727 | D:7      | Slain by a wyvern

Vanquished Creatures
  A sky beast (D:6)
  A centaur (D:5)
  2 bullfrogs (D:6)
  2 scorpions
  A howler monkey (D:7)
  A centaur zombie (D:5)
  A jelly (D:2)
  A quasit (D:5)
  2 hounds
  2 orc priests
  3 orc wizards
  A bullfrog skeleton (D:5)
  An iguana (D:5)
  6 worker ants
  A hound skeleton (D:5)
  Robin (D:4)
  3 gnolls (D:2)
  2 howler monkey skeletons
  8 adders
  A white imp (D:5)
  An ufetubus (D:5)
  12 oozes
  An adder skeleton (D:4)
  An adder zombie (D:5)
  4 worms (Sewer)
  2 dart slugs
  8 leopard geckos
  28 orcs
  7 giant cockroaches
  9 goblins
  9 hobgoblins
  6 jackals
  4 quokkas
  11 bats
  7 frilled lizards
  A jackal skeleton (D:5)
  16 kobolds
  A leopard gecko skeleton (D:6)
  A quokka skeleton (D:4)
  11 rats
181 creatures vanquished.

Vanquished Creatures (others)
  11 toadstools (D:2)
11 creatures vanquished.

Grand Total: 192 creatures vanquished

Table legend: (Time is in decaauts)
 A = Elapsed time spent in this place.
 B = Non-inter-level travel time spent in this place.
 C = Inter-level travel time spent in this place.
 D = Time resting spent in this place.
 E = Time spent auto-exploring this place.
 F = Levels seen in this place.
 G = Mean time per level.
                   A        B        C        D        E       F      G
               +--------+--------+--------+--------+--------+-----+--------+
         Total |   7864 |   7520 |    344 |   1301 |   4499 |   9 |  873.8 |
       Dungeon |   6780 |   6472 |    308 |   1083 |   3916 |   7 |  968.6 |
        Temple |    137 |    101 |     36 |      0 |     98 |   1 |  137.0 |
         Sewer |    946 |    946 |      0 |    218 |    485 |   1 |  946.0 |
               +--------+--------+--------+--------+--------+-----+--------+

Top non-repeatable levels by time:
     D:4: 1450 daAuts
     D:2: 1304 daAuts
     D:3: 1263 daAuts
     D:5: 1125 daAuts
   Sewer: 946 daAuts
     D:1: 792 daAuts
     D:6: 731 daAuts
  Temple: 137 daAuts
     D:7: 112 daAuts

Table legend:
 A = Non-vault XP
 B = Vault XP
 C = Vault XP percentage of total XP
 D = Non-vault monster count
 E = Vault monster count
 F = Vault count percentage of total count
                 A         B        C        D         E       F
            +---------+---------+-------+---------+---------+-------
      Total |    1582 |     307 |  16.3 |     120 |      61 |  33.7
            +---------+---------+-------+---------+---------+-------
        D:1 |      23 |       0 |   0.0 |      15 |       0 |   0.0
        D:2 |      82 |     106 |  56.4 |      19 |      16 |  45.7
        D:3 |     205 |      70 |  25.5 |      31 |       4 |  11.4
        D:4 |     207 |      46 |  18.2 |      17 |      15 |  46.9
        D:5 |     557 |       0 |   0.0 |      24 |       0 |   0.0
        D:6 |     412 |       0 |   0.0 |      11 |       0 |   0.0
        D:7 |      96 |       0 |   0.0 |       3 |       0 |   0.0
      Sewer |       0 |      85 | 100.0 |       0 |      26 | 100.0
            +---------+---------+-------+---------+---------+-------
